AoeStats
← 虚弱

Arena

511003557Analyzed
4v4 RM · 11h ago on Oct 3, 2026· 55m 22s· 8 players
Game mode
Random Map
Map size
Large (8 player)
Population
200
Speed
Normal
Resources
Standard
Victory
Conquest
Starting age
Dark Age
Ending age
Imperial Age
RankedLock teamsTeams togetherTeam positionsShared explorationLock speedFull tech treeHidden civsTurbo modeCheats
Victory
Defeat
🇭🇰 Malay · Hong Kong SAR China
1517
+15
🇪🇸 Portuguese · Spain
1509
+15
🇨🇭 Mapuche · Switzerland
1497
+16
🇨🇦 Goths · Canada
1478
+16
🇨🇳 Saxons · China
1547
-18
🇨🇳 Poles · China
1529
-17
🇨🇳 Spanish · China
1454
-14
🇨🇳 Bohemians · China
1422
-13
Ranchy
0:37 Loom
7:24 Loom
8:23 Loom
10:08 Feudal Age
14:35 Castle Age
12:32 Double-Bit Axe
16:08 Bow Saw
19:01 Horse Collar
21:04 Wheelbarrow
23:43 Hand Cart
24:17 Stone Mining
24:21 Gold Mining
27:12 Imperial Age
24:46 Heavy Plow
26:02 Stone Shaft Mining
25:15 Town Watch
25:59 Scale Mail Armor
26:47 Chain Mail Armor
26:32 Pikeman
27:12 Squires
27:47 Forging
27:21 Halberdier
27:32 Capped Ram
29:15 Two-Man Saw
29:59 Conscription
29:09 Sappers
30:50 Anarchy
35:58 Elite Huskarl
39:37 Perfusion
42:32 Iron Casting
45:39 Blast Furnace
46:31 Fletching
50:40 Man-at-Arms
51:05 Long Swordsman
52:24 Two-Handed Swordsman
52:46 Champion
54:36 Chemistry
53:46 Masonry
55:33 Bodkin Arrow
55:38 Padded Archer Armor
55:44 Scale Barding Armor
56:24 Architecture
56:16 Ballistics
Zlap
11:00 Feudal Age
14:52 Castle Age
12:51 Horse Collar
12:58 Double-Bit Axe
16:07 Bow Saw
15:57 Heavy Plow
17:07 Wheelbarrow
19:53 Fervor
21:40 Loom
22:11 Hand Cart
22:59 Gold Mining
23:40 Stone Mining
24:57 Fletching
25:07 Padded Archer Armor
25:34 Bodkin Arrow
29:01 Imperial Age
27:14 Town Watch
28:09 Ballistics
28:33 Leather Archer Armor
29:45 Malon
30:08 Conscription
29:42 Elite Bolas Rider
30:56 Butalmapu
31:32 Ring Archer Armor
30:25 Elite Skirmisher
31:16 Capped Ram
34:05 Siege Engineers
35:16 Crop Rotation
35:46 Coinage
35:17 Caravan
35:03 Onager
36:59 Chemistry
35:55 Murder Holes
36:10 Masonry
38:00 Banking
38:31 Elite Kona
39:47 Hoardings
40:43 Forging
41:23 Pikeman
41:49 Arson
42:05 Scale Mail Armor
42:40 Iron Casting
42:08 Town Patrol
42:51 Halberdier
43:48 Chain Mail Armor
44:34 Gold Shaft Mining
44:35 Stone Shaft Mining
44:52 Plate Mail Armor
45:23 Blast Furnace
48:57 Architecture
48:07 Treadmill Crane
50:26 Champi Runner
51:32 Champi Warrior
52:57 Elite Champi Warrior
onon02122
9:48 Feudal Age
9:24 Double-Bit Axe
9:21 Horse Collar
16:19 Castle Age
15:08 Gold Mining
16:11 Bow Saw
16:22 Heavy Plow
18:32 Crossbowman
19:44 Fletching
22:20 Bodkin Arrow
22:36 Loom
23:40 Wheelbarrow
23:06 Stone Mining
25:08 Town Watch
29:57 Thumb Ring
30:38 Gold Shaft Mining
31:20 Padded Archer Armor
34:12 Imperial Age
33:37 Ballistics
33:33 Arbalester
34:41 Bracer
36:20 Hand Cart
39:18 Leather Archer Armor
40:57 Chemistry
40:03 Siege Engineers
42:32 Town Patrol
43:37 Stone Shaft Mining
46:28 Conscription
46:33 Conscription
49:35 Coinage
48:59 Elite Karambit Warrior
50:23 Ring Archer Armor
50:04 Forging
King of Puchi
10:10 Feudal Age
14:24 Castle Age
12:58 Double-Bit Axe
12:55 Horse Collar
15:26 Bow Saw
15:22 Town Watch
16:13 Wheelbarrow
19:09 Loom
20:02 Wheelbarrow
22:52 Stone Mining
23:26 Gold Mining
27:01 Imperial Age
25:05 Fletching
27:22 Bodkin Arrow
29:03 Chemistry
35:07 Masonry
39:30 Padded Archer Armor
39:31 Bracer
40:11 Siege Engineers
40:37 Architecture
42:42 Conscription
42:57 Arquebus
46:53 Scale Mail Armor
46:58 Pikeman
48:47 Forging
48:53 Halberdier
49:46 Arson
50:26 Chain Mail Armor
那是你们
10:10 Feudal Age
14:00 Castle Age
12:35 Double-Bit Axe
12:53 Horse Collar
19:54 Bow Saw
22:55 Wheelbarrow
23:03 Gold Mining
23:23 Heavy Plow
24:19 Hand Cart
27:43 Imperial Age
25:01 Town Watch
25:19 Treadmill Crane
26:19 Gold Shaft Mining
25:48 Stone Mining
25:55 Loom
26:29 Fletching
27:23 Ballistics
27:30 Bodkin Arrow
27:43 Guard Tower
27:56 Heavy Scorpion
28:04 Heavy Scorpion
29:46 Chemistry
29:07 Bracer
30:23 Keep
30:20 Padded Archer Armor
29:56 Capped Ram
31:20 Masonry
31:09 Arrowslits
32:40 Architecture
33:32 Siege Engineers
33:37 Onager
35:30 Conscription
35:18 Siege Ram
37:51 Coinage
42:24 Leather Archer Armor
42:15 Scale Barding Armor
42:20 Forging
42:34 Caravan
44:45 Shield Wall
45:46 Scale Mail Armor
46:57 Chain Mail Armor
46:57 Guilds
47:01 Elite Hearth Troop
48:16 Banking
48:19 Plate Mail Armor
48:25 Iron Casting
47:52 Squires
47:38 Arson
49:07 Two-Man Saw
51:53 Elite Varangian Guard
虚弱
10:52 Feudal Age
12:10 Double-Bit Axe
14:30 Castle Age
12:43 Horse Collar
15:28 Heavy Plow
16:30 Bow Saw
20:24 Loom
20:41 Town Watch
23:05 Wheelbarrow
27:33 Imperial Age
25:36 Hand Cart
26:23 Szlachta Privileges
27:04 Scale Barding Armor
27:09 Forging
27:03 Husbandry
27:14 Bloodlines
28:29 Chain Barding Armor
27:59 Cavalier
29:03 Conscription
29:53 Arson
30:08 Squires
30:47 Iron Casting
30:13 Scale Mail Armor
31:31 Hoardings
32:37 Blast Furnace
32:33 Crop Rotation
31:39 Light Cavalry
32:36 Gold Mining
32:37 Stone Mining
33:05 Chain Mail Armor
34:16 Elite Obuch
36:23 Stone Shaft Mining
36:22 Plate Mail Armor
36:07 Winged Hussar
36:53 Fletching
37:24 Murder Holes
37:09 Treadmill Crane
38:19 Bodkin Arrow
41:07 Coinage
40:35 Capped Ram
41:48 Banking
49:48 Bracer
49:49 Padded Archer Armor
49:33 Elite Skirmisher
50:38 Fortified Wall
51:29 Chemistry
50:54 Lechitic Legacy
52:16 Thumb Ring
SunnY
10:46 Feudal Age
14:52 Castle Age
13:16 Double-Bit Axe
13:27 Horse Collar
16:10 Bow Saw
16:01 Heavy Plow
19:25 Wheelbarrow
19:17 Loom
21:27 Chemistry
20:41 Town Watch
22:01 Padded Archer Armor
27:03 Leather Archer Armor
27:40 Hand Cart
31:34 Imperial Age
31:05 Fletching
32:59 Ring Archer Armor
34:36 Ballistics
34:27 Masonry
34:07 Elite Skirmisher
35:15 Bodkin Arrow
36:10 Bracer
37:44 Architecture
38:24 Scale Barding Armor
38:30 Forging
40:18 Conscription
40:57 Elite Hussite Wagon
41:51 Wagenburg Tactics
42:25 Light Cavalry
43:06 Husbandry
43:28 Chain Barding Armor
43:44 Iron Casting
44:15 Hussite Reforms
45:56 Two-Man Saw
47:32 Cavalier
50:13 Caravan
50:25 Crossbowman
52:07 Blast Furnace
51:08 Scale Mail Armor
51:54 Sappers
52:27 Squires
52:43 Houfnice
52:45 Capped Ram
雀巢阿帆
4:05 Loom
8:55 Loom
10:43 Feudal Age
14:36 Castle Age
13:04 Double-Bit Axe
13:54 Horse Collar
15:53 Heavy Plow
23:04 Padded Archer Armor
24:14 Leather Archer Armor
30:06 Husbandry
31:32 Bloodlines
32:26 Gold Mining
39:18 Imperial Age
40:20 Wheelbarrow
43:36 Chemistry
44:31 Ring Archer Armor
45:18 Elite Skirmisher
47:28 Fletching
49:44 Bodkin Arrow
50:02 Loom
Connection lost

Rejoining the realm…

Still unreachable

The connection could not be restored.

Session expired

The server has moved on; the page needs a fresh start.